 Dungeon Crawl Stone Soup version 0.28.0 (webtiles) character file.

Game seed: 2908645867598914445

21 SnakkuSnakku7 the Firebug (level 2, -1/24 HPs)
             Began as a Mummy Cinder Acolyte on Feb 11, 2022.
             Was a High Priest of Ignis.
             Slain by a kobold (4 damage)
             ... on level 3 of the Dungeon.
             The game lasted 00:00:54 (1232 turns).

SnakkuSnakku7 the Firebug (Mummy Cinder Acolyte)    Turns: 1232, Time: 00:00:54

Health: -1/24      AC:  2    Str: 17    XL:     2   Next: 62%
Magic:  4/4        EV: 11    Int: 13    God:    Ignis [*****.]
Gold:   99         SH:  0    Dex:  7    Spells: 1/3 levels left

rFire   . . .      SeeInvis .   a - -1 mace (flame)
rCold   + + .      Faith    .   (no shield)
rNeg    + + +      Spirit   .   b - +0 robe
rPois   ∞          Reflect  .   (no helmet)
rElec   .          Harm     .   (no cloak)
rCorr   .          Rampage  .   (no gloves)
Will    .....                   (no boots)
Stlth   +.........              (no amulet)
HPRegen 0.08/turn               e - ring of protection from cold
MPRegen 0.09/turn               (no ring)

@: no status effects
A: cold resistance 1, negative energy resistance 3, torment resistance 2, heat
vulnerability 1, no potions
a: Renounce Religion, Fiery Armour, Foxfire Swarm, Rising Flame


You were on level 3 of the Dungeon.
You worshipped Ignis.
Ignis was extremely pleased with you.
You visited 1 branch of the dungeon, and saw 3 of its levels.

You collected 99 gold pieces.

Inventory:

Hand Weapons
 a - a -1 mace of flaming (weapon)
Missiles
 g - 17 arrows
Armour
 b - a +0 robe (worn)
Jewellery
 e - a ring of protection from cold (left hand)
Scrolls
 c - a scroll of blinking {unknown}
 d - a scroll of identify {unknown}
 f - a scroll of silence {unknown}
 h - a scroll of acquirement {unknown}
 i - a scroll of fear {unknown}


   Skills:
 - Level 3.0 Fighting
 - Level 2.4 Maces & Flails
 - Level 1.3 Spellcasting
 + Level 3.3 Fire Magic


You had one spell level left.
You knew the following spells:

 Your Spells              Type           Power      Damage    Failure   Level
a - Scorch                Fire           18%        2d5       11%         2

Your spell library contained the following spells:

 Spells                   Type           Power      Damage    Failure   Level


Dungeon Overview and Level Annotations

Branches:
Dungeon (3/15)

Altars:

Annotations:
D:2 Sigmund


Innate Abilities, Weirdness & Mutations

You are immune to poison.
Your flesh is cold resistant. (rC+)
You are immune to negative energy. (rN+++)
You are immune to unholy pain and torment.
You are vulnerable to heat. (rF-)
You do not drink.


Message History

Found a robe.
You see here a +0 dagger.
You now have 99 gold pieces (gained 14).
Found a stone staircase leading down.
A rat comes into view.
A rat is nearby!
A rat is nearby!
You barely miss the rat.
The rat bites you but does no damage. x2
You barely miss the rat. The rat bites you.
You barely miss the rat. The rat closely misses you.
You closely miss the rat. The rat closely misses you.
You hit the rat. You burn the rat.
You kill the rat!
h - a scroll labelled NIMPAKHL TIMM
i - a scroll labelled TUCZAE LEYDI
Found a stone staircase leading up.
You open the door.
There is an open door here.
Found a stone staircase leading down.
Found 10 bolts.
Sigmund the Dreaded comes into view.
He is wielding a +0 scythe and wearing a +2 robe of fire resistance.
Sigmund shouts!
Sigmund casts a spell at you. The puff of flame hits you!
Unknown command.
There is a stone staircase leading down here.
You climb downwards.
The kobold shouts!
There is a stone staircase leading up here.
A kobold is nearby!
You miss the kobold. The kobold hits you but does no damage.
You hit the kobold but do no damage.
The kobold hits you with a +0 short sword.
You closely miss the kobold.
The kobold hits you with a +0 short sword.
You miss the kobold.
The kobold hits you with a +0 short sword.
* * * LOW HITPOINT WARNING * * *
The kobold hits you with a +0 short sword.
You die...

##+##
##...##
##.....##
##.......##
#....@....#
+.....K...+
#.........#
##.......##
##.....##
##...##
##+##


You could see a kobold.

Vanquished Creatures
  A dart slug (D:2)
  2 ball pythons (D:1)
  An endoplasm (D:1)
  2 giant cockroaches (D:1)
  A goblin (D:1)
  3 hobgoblins (D:1)
  A kobold (D:1)
  A quokka (D:1)
  A bat (D:1)
  A frilled lizard (D:1)
  2 rats
16 creatures vanquished.

Notes
Turn   | Place    | Note
-------+----------+-------------------------------------------
     0 | D:1      | SnakkuSnakku7 the Mummy Cinder Acolyte began the quest for
                  | the Orb.
     0 | D:1      | Reached XP level 1. HP: 18/18 MP: 2/2
   341 | D:1      | Reached XP level 2. HP: 22/24 MP: 4/4
   344 | D:1      | Learned a level 2 spell: Scorch
  1221 | D:2      | Noticed Sigmund
  1232 | D:3      | Slain by a kobold

Illustrated notes

Levels and vault maps discovered:
D:1:      minmay_arrival_cross, layout_loops_corners
D:2:      layout_basic, hellmonk_ecumenical_altar_leap_of_faith, basic_altar,
          serial_shops, shop_statue, kennysheep_generic_room_14, uniq_sigmund
D:3:      layout_loops_corners, mainiacjoe_overflow_alcove_4,
          minmay_misc_feat_hallway

Skill      XL: |  1 |
---------------+----+-----
Fire Magic     | 3 |  3.3
Fighting       | |  3.0
Maces & Flails | |  2.4
Spellcasting   | |  1.3

Action                   || total
-------------------------++-------
Melee: Mace              ||    46
 Cast: Scorch            ||     1
Armor: Robe              ||     7
Dodge: Dodged            ||    32
